Workbook
Name Company_Name: FSM!$D$5
Name Company_Name: FSM!$D$5
Name Hist_Yr: FSM!#REF!
Name Hist_Yr: FSM!$D$9
Name IQ_CH: 110000
Name IQ_CQ: 5000
Name IQ_CY: 10000
Name IQ_DAILY: 500000
Name IQ_FH: 100000
Name IQ_FQ: 500
Name IQ_FY: 1000
Name IQ_LTM: 2000
Name IQ_MONTH: 15000
Name IQ_NTM: 6000
Name IQ_WEEK: 50000
Name IQ_YTD: 3000

Sheet FSM
C2: =Company_Name&" - Financial Statement Model" -> MNT Tech Holding for Financial Investments S.A.E. - Financial Statement Model
C3: All amounts are shown in EGP, except per-share data, ratios, and shares outstanding
C5: Company Name | D5: MNT Tech Holding for Financial Investments S.A.E.
C6: Ticker | D6: HALN.CA
C7: IPO offer price (not a market close) | D7: 24.5
C8: Latest Closing Share Price Date | D8: 46302
C9: Last Historical Year | D9: 46022
C10: Shares outstanding | D10: 1600000000
C12: INCOME STATEMENT
C13: Fiscal year | D13: =E13-1 -> 2023 | E13: =F13-1 -> 2024 | F13: =YEAR(D9) -> 2025 | G13: =F13+1 -> 2026 | H13: =G13+1 -> 2027 | I13: =H13+1 -> 2028 | J13: =I13+1 -> 2029 | K13: =J13+1 -> 2030
C14: Fiscal year end date | D14: =EOMONTH(E14,-12) -> 45291 | E14: =EOMONTH(F14,-12) -> 45657 | F14: =D9 -> 46022 | G14: =EOMONTH(F14,12) -> 46387 | H14: =EOMONTH(G14,12) -> 46752 | I14: =EOMONTH(H14,12) -> 47118 | J14: =EOMONTH(I14,12) -> 47483 | K14: =EOMONTH(J14,12) -> 47848
C16: Operating revenue | D16: 7607109195 | E16: 10774868616 | F16: 13181173236 | G16: =SUM(G172:G175,G177) -> 1.2540259e+10 | H16: =SUM(H172:H175,H177) -> 1.3963176e+10 | I16: =SUM(I172:I175,I177) -> 1.5409516e+10 | J16: =SUM(J172:J175,J177) -> 1.6777595e+10 | K16: =SUM(K172:K175,K177) -> 1.8103229e+10
C17: Securitization income | D17: 1805005316 | E17: 2460035446 | F17: 6629310932 | G17: =G176 -> 6.9580047e+09 | H17: =H176 -> 7.7929653e+09 | I17: =I176 -> 8.5722618e+09 | J17: =J176 -> 9.2580428e+09 | K17: =K176 -> 9.9986862e+09
C18: Total Revenue | D18: =SUM(D16:D17) -> 9412114511 | E18: =SUM(E16:E17) -> 13234904062 | F18: =SUM(F16:F17) -> 19810484168 | G18: =SUM(G16:G17) -> 1.9498264e+10 | H18: =SUM(H16:H17) -> 2.1756141e+10 | I18: =SUM(I16:I17) -> 2.3981777e+10 | J18: =SUM(J16:J17) -> 2.6035638e+10 | K18: =SUM(K16:K17) -> 2.8101915e+10
C19: Interest and commission expenses | D19: -2239890778 | E19: -4804078543 | F19: -6963884903 | G19: =-G193 -> -6.756494e+09 | H19: =-H193 -> -7.2187724e+09 | I19: =-I193 -> -7.7800368e+09 | J19: =-J193 -> -8.1829031e+09 | K19: =-K193 -> -8.4268978e+09
C20: Cost of good sold | D20: -1812939327 | E20: -2318559205 | F20: -1977621883 | G20: =-G194 -> -2.076503e+09 | H20: =-H194 -> -2.1803281e+09 | I20: =-I194 -> -2.2893445e+09 | J20: =-J194 -> -2.4038118e+09 | K20: =-K194 -> -2.5240023e+09
C21: Total Direct Costs | D21: =SUM(D19:D20) -> -4052830105 | E21: =SUM(E19:E20) -> -7122637748 | F21: =SUM(F19:F20) -> -8941506786 | G21: =SUM(G19:G20) -> -8.832997e+09 | H21: =SUM(H19:H20) -> -9.3991005e+09 | I21: =SUM(I19:I20) -> -1.0069381e+10 | J21: =SUM(J19:J20) -> -1.0586715e+10 | K21: =SUM(K19:K20) -> -1.09509e+10
C22: Net Operating Revenue (Gross Profit) | D22: =D18+D21 -> 5359284406 | E22: =E18+E21 -> 6112266314 | F22: =F18+F21 -> 10868977382 | G22: =G18+G21 -> 1.0665267e+10 | H22: =H18+H21 -> 1.2357041e+10 | I22: =I18+I21 -> 1.3912396e+10 | J22: =J18+J21 -> 1.5448923e+10 | K22: =K18+K21 -> 1.7151015e+10
C23: Total Operating Expenses (OpEx) | D23: =D49 -> -2458269956 | E23: =E49 -> -4554699152 | F23: =F49 -> -8262754773 | G23: =G49 -> -7.9903989e+09 | H23: =H49 -> -8.9294358e+09 | I23: =I49 -> -9.865605e+09 | J23: =J49 -> -1.0738125e+10 | K23: =K49 -> -1.1599007e+10
C24: EBITDA | D24: =SUM(D22:D23) -> 2901014450 | E24: =SUM(E22:E23) -> 1557567162 | F24: =SUM(F22:F23) -> 2606222609 | G24: =SUM(G22:G23) -> 2.6748679e+09 | H24: =SUM(H22:H23) -> 3.4276048e+09 | I24: =SUM(I22:I23) -> 4.0467911e+09 | J24: =SUM(J22:J23) -> 4.7107985e+09 | K24: =SUM(K22:K23) -> 5.5520085e+09
C25: Depreciation & Amortization | D25: -148645274 | E25: -212023930 | F25: -293697407 | G25: =-G166 -> -4.9610737e+08 | H25: =-H166 -> -5.9131996e+08 | I25: =-I166 -> -6.9147021e+08 | J25: =-J166 -> -7.9554354e+08 | K25: =-K166 -> -9.0159428e+08
C26: Operating Profit (EBIT) | D26: =SUM(D24:D25) -> 2752369176 | E26: =SUM(E24:E25) -> 1345543232 | F26: =SUM(F24:F25) -> 2312525202 | G26: =SUM(G24:G25) -> 2.1787605e+09 | H26: =SUM(H24:H25) -> 2.8362848e+09 | I26: =SUM(I24:I25) -> 3.3553209e+09 | J26: =SUM(J24:J25) -> 3.9152549e+09 | K26: =SUM(K24:K25) -> 4.6504142e+09
C27: Finance income | D27: 299357186 | E27: 695327630 | F27: 655970125 | G27: =G236 -> 7.6697579e+08 | H27: =H236 -> 7.8086847e+08 | I27: =I236 -> 8.5776286e+08 | J27: =J236 -> 9.291043e+08 | K27: =K236 -> 9.9655404e+08
C28: Finance Expense | D28: -111537468 | E28: -89305188 | F28: -147537853 | G28: =G235 -> -1.4454853e+08 | H28: =H235 -> -1.5812716e+08 | I28: =I235 -> -1.7369134e+08 | J28: =J235 -> -1.9092776e+08 | K28: =K235 -> -2.0933163e+08
C29: Net Finance income | D29: =SUM(D27:D28) -> 187819718 | E29: =SUM(E27:E28) -> 606022442 | F29: =SUM(F27:F28) -> 508432272 | G29: =SUM(G27:G28) -> 6.2242726e+08 | H29: =SUM(H27:H28) -> 6.2274131e+08 | I29: =SUM(I27:I28) -> 6.8407153e+08 | J29: =SUM(J27:J28) -> 7.3817654e+08 | K29: =SUM(K27:K28) -> 7.872224e+08
C30: Investments For Equity accounted Investee | D30: 13023424 | E30: 42683722 | F30: 0 | G30: =F30 -> 0 | H30: =G30 -> 0 | I30: =H30 -> 0 | J30: =I30 -> 0 | K30: =J30 -> 0
C31: Earnings Before Tax (EBT) | D31: =D26+SUM(D29:D30) -> 2953212318 | E31: =E26+SUM(E29:E30) -> 1994249396 | F31: =F26+SUM(F29:F30) -> 2820957474 | G31: =G26+SUM(G29:G30) -> 2.8011878e+09 | H31: =H26+SUM(H29:H30) -> 3.4590261e+09 | I31: =I26+SUM(I29:I30) -> 4.0393924e+09 | J31: =J26+SUM(J29:J30) -> 4.6534315e+09 | K31: =K26+SUM(K29:K30) -> 5.4376366e+09
C32: Current Income Tax | D32: -674314071 | E32: -568029961 | F32: -862455085 | G32: =-G40*G31 -> -7.8433258e+08 | H32: =-H40*H31 -> -9.6852732e+08 | I32: =-I40*I31 -> -1.1310299e+09 | J32: =-J40*J31 -> -1.3029608e+09 | K32: =-K40*K31 -> -1.5225383e+09
C33: Deferred Income Tax | D33: -12294587 | E33: -54410006 | F33: 19896350 | G33: 0 | H33: 0 | I33: 0 | J33: 0 | K33: 0
C34: Net Income | D34: =SUM(D31:D33) -> 2266603660 | E34: =SUM(E31:E33) -> 1371809429 | F34: =SUM(F31:F33) -> 1978398739 | G34: =SUM(G31:G33) -> 2.0168552e+09 | H34: =SUM(H31:H33) -> 2.4904988e+09 | I34: =SUM(I31:I33) -> 2.9083625e+09 | J34: =SUM(J31:J33) -> 3.3504707e+09 | K34: =SUM(K31:K33) -> 3.9150984e+09
C35: Equity Holders of the Parent Company | D35: =D34-D36 -> 2241046074 | E35: =E34-E36 -> 1428051431 | F35: =F34-F36 -> 2018397923 | G35: =G34-G36 -> 2.0168552e+09 | H35: =H34-H36 -> 2.4904988e+09 | I35: =I34-I36 -> 2.9083625e+09 | J35: =J34-J36 -> 3.3504707e+09 | K35: =K34-K36 -> 3.9150984e+09
C36: Non-Controlling Interest (NCI) | D36: 25557586 | E36: -56242002 | F36: -39999184 | G36: =G251 -> 0 | H36: =H251 -> 0 | I36: =I251 -> 0 | J36: =J251 -> 0 | K36: =K251 -> 0
C38: Growth Rates & Margins
C39: Revenue growth | E39: =E18/D18-1 -> 0.40615629 | F39: =F18/E18-1 -> 0.49683625 | G39: =G18/F18-1 -> -0.01576036 | H39: =H18/G18-1 -> 0.11579889 | I39: =I18/H18-1 -> 0.10229923 | J39: =J18/I18-1 -> 0.085642554 | K39: =K18/J18-1 -> 0.07936341
C40: Tax rate | D40: =-SUM(D32:D33)/D31 -> 0.23249553 | E40: =-SUM(E32:E33)/E31 -> 0.31211742 | F40: =-SUM(F32:F33)/F31 -> 0.29867828 | G40: 0.28 | H40: =G40 -> 0.28 | I40: =H40 -> 0.28 | J40: =I40 -> 0.28 | K40: =J40 -> 0.28
C42: OpEx Schedule
C43: Fiscal year | D43: =D$13 -> 2023 | E43: =E$13 -> 2024 | F43: =F$13 -> 2025 | G43: =G$13 -> 2026 | H43: =H$13 -> 2027 | I43: =I$13 -> 2028 | J43: =J$13 -> 2029 | K43: =K$13 -> 2030
C44: Fiscal year end date | D44: =D$14 -> 45291 | E44: =E$14 -> 45657 | F44: =F$14 -> 46022 | G44: =G$14 -> 46387 | H44: =H$14 -> 46752 | I44: =I$14 -> 47118 | J44: =J$14 -> 47483 | K44: =K$14 -> 47848
C46: SG&A (excluding D&A) | D46: -2664207469 | E46: -4645860157 | F46: -8122264869 | G46: =-G51*G$18 -> -7.9942551e+09 | H46: =-H51*H$18 -> -8.9199809e+09 | I46: =-I51*I$18 -> -9.832488e+09 | J46: =-J51*J$18 -> -1.0674567e+10 | K46: =-K51*K$18 -> -1.1521738e+10
C47: Credit cost (ECL + bad debts written off) | D47: -272561217 | E47: -628220444 | F47: -849021524 | G47: =-G52*G346 -> -8.109552e+08 | H47: =-H52*H346 -> -9.2204363e+08 | I47: =-I52*I346 -> -1.0369646e+09 | J47: =-J52*J346 -> -1.1477128e+09 | K47: =-K52*K346 -> -1.2481569e+09
C48: Other Net income | D48: 478498730 | E48: 719381449 | F48: 708531620 | G48: =G53*G347 -> 814811363 | H48: =H53*H347 -> 9.1258873e+08 | I48: =I53*I347 -> 1.0038476e+09 | J48: =J53*J347 -> 1.0841554e+09 | K48: =K53*K347 -> 1.1708878e+09
C49: Total Operating Expenses (OpEx) | D49: =SUM(D46:D48) -> -2458269956 | E49: =SUM(E46:E48) -> -4554699152 | F49: =SUM(F46:F48) -> -8262754773 | G49: =SUM(G46:G48) -> -7.9903989e+09 | H49: =SUM(H46:H48) -> -8.9294358e+09 | I49: =SUM(I46:I48) -> -9.865605e+09 | J49: =SUM(J46:J48) -> -1.0738125e+10 | K49: =SUM(K46:K48) -> -1.1599007e+10
C51: =C46&" % of revenue" -> SG&A (excluding D&A) % of revenue | D51: =-D46/D18 -> 0.28306152 | E51: =-E46/E18 -> 0.35103089 | F51: =-F46/F18 -> 0.4099983 | G51: =F51 -> 0.4099983 | H51: =G51 -> 0.4099983 | I51: =H51 -> 0.4099983 | J51: =I51 -> 0.4099983 | K51: =J51 -> 0.4099983
C52: =C47&" % of opening net loans" -> Credit cost (ECL + bad debts written off) % of opening net loans | E52: =-E47/E346 -> 0.032458577 | F52: =-F47/F346 -> 0.032148068 | G52: =AVERAGE(E52:F52) -> 0.032303322 | H52: =G52 -> 0.032303322 | I52: =H52 -> 0.032303322 | J52: =I52 -> 0.032303322 | K52: =J52 -> 0.032303322
C53: =C48&" % of originations" -> Other Net income % of originations | E53: =E48/E347 -> 0.021298348 | F53: =F48/F347 -> 0.016452497 | G53: =F53 -> 0.016452497 | H53: =G53 -> 0.016452497 | I53: =H53 -> 0.016452497 | J53: =I53 -> 0.016452497 | K53: =J53 -> 0.016452497
C55: BALANCE SHEET
C56: Fiscal year | D56: =D$13 -> 2023 | E56: =E$13 -> 2024 | F56: =F$13 -> 2025 | G56: =G$13 -> 2026 | H56: =H$13 -> 2027 | I56: =I$13 -> 2028 | J56: =J$13 -> 2029 | K56: =K$13 -> 2030
C57: Fiscal year end date | D57: =D$14 -> 45291 | E57: =E$14 -> 45657 | F57: =F$14 -> 46022 | G57: =G$14 -> 46387 | H57: =H$14 -> 46752 | I57: =I$14 -> 47118 | J57: =J$14 -> 47483 | K57: =K$14 -> 47848
C58: ASSETS
C60: Current Assets
C61: Due from related parties | D61: 392605602 | E61: 588762877 | F61: 1027235967 | G61: =G207 -> 1027235967 | H61: =H207 -> 1027235967 | I61: =I207 -> 1027235967 | J61: =J207 -> 1027235967 | K61: =K207 -> 1027235967
C62: Debtors and other debit balances | D62: 1100040440 | E62: 3181804485 | F62: 8534654767 | G62: =G208 -> 9.56715e+09 | H62: =H208 -> 1.0709029e+10 | I62: =I208 -> 1.1783705e+10 | J62: =J208 -> 1.2736609e+10 | K62: =K208 -> 1.3754287e+10
C63: Inventory | D63: 234861219 | E63: 150082630 | F63: 126173928 | G63: =G209 -> 1.3248262e+08 | H63: =H209 -> 1.3910676e+08 | I63: =I209 -> 1.4606209e+08 | J63: =J209 -> 1.533652e+08 | K63: =K209 -> 1.6103346e+08
C64: Investment classified at amortize cost-Treasury Bills | D64: 315405416 | E64: 217650268 | F64: 0 | G64: =F64 -> 0 | H64: =G64 -> 0 | I64: =H64 -> 0 | J64: =I64 -> 0 | K64: =J64 -> 0
C65: Loans and advances to customers | D65: 12313185015 | E65: 17036899162 | F65: 16346608199 | G65: =G351*G352 -> 1.8585843e+10 | H65: =H351*H352 -> 2.0902331e+10 | I65: =I351*I352 -> 2.3134708e+10 | J65: =J351*J352 -> 2.5159382e+10 | K65: =K351*K352 -> 2.7226114e+10
C66: Cash at banks and on hand | D66: 1036009737 | E66: 1355639826 | F66: 3458917393 | G66: =G146 -> 1.8667465e+09 | H66: =H146 -> 1.9371357e+09 | I66: =I146 -> 2.0531874e+09 | J66: =J146 -> 2.1480524e+09 | K66: =K146 -> 2.2045798e+09
C67: Total Current Assets | D67: =SUM(D61:D66) -> 15392107429 | E67: =SUM(E61:E66) -> 22530839248 | F67: =SUM(F61:F66) -> 29493590254 | G67: =SUM(G61:G66) -> 3.1179458e+10 | H67: =SUM(H61:H66) -> 3.4714838e+10 | I67: =SUM(I61:I66) -> 3.8144899e+10 | J67: =SUM(J61:J66) -> 4.1224644e+10 | K67: =SUM(K61:K66) -> 4.4373251e+10
C69: Non-Current Assets
C70: Fixed assets and projects under construction | D70: 890802394 | E70: 1215197158 | F70: 1852989658 | G70: =G157 -> 2.3574935e+09 | H70: =H157 -> 2.8826429e+09 | I70: =I157 -> 3.4245144e+09 | J70: =J157 -> 3.9743578e+09 | K70: =K157 -> 4.5316093e+09
C71: Right-of-use assets | D71: 385138334 | E71: 461196600 | F71: 550928126 | G71: =G280 -> 6.3014199e+08 | H71: =H280 -> 7.1439705e+08 | I71: =I280 -> 8.0196717e+08 | J71: =J280 -> 8.8996532e+08 | K71: =K280 -> 9.7842128e+08
C72: Investments | D72: 69714128 | E72: 0 | F72: 13236164 | G72: =F72 -> 13236164 | H72: =G72 -> 13236164 | I72: =H72 -> 13236164 | J72: =I72 -> 13236164 | K72: =J72 -> 13236164
C73: Intangible assets and goodwill | D73: 21701220 | E73: 21797152 | F73: 540234310 | G73: =G292 -> 4.7219919e+08 | H73: =H292 -> 4.0042895e+08 | I73: =I292 -> 3.2396239e+08 | J73: =J292 -> 2.4160007e+08 | K73: =K292 -> 1.525428e+08
C74: Loans and advances to customers | D74: 7041343295 | E74: 9372822310 | F74: 8757781552 | G74: =G351*(1-G352) -> 9.9574634e+09 | H74: =H351*(1-H352) -> 1.1198534e+10 | I74: =I351*(1-I352) -> 1.2394542e+10 | J74: =J351*(1-J352) -> 1.3479271e+10 | K74: =K351*(1-K352) -> 1.4586534e+10
C75: Securitization Surplus | D75: 170265786 | E75: 71886184 | F75: 44846323 | G75: =F75 -> 44846323 | H75: =G75 -> 44846323 | I75: =H75 -> 44846323 | J75: =I75 -> 44846323 | K75: =J75 -> 44846323
C76: Debtors and other debit balance | D76: 15758360 | E76: 102541502 | F76: 250000 | G76: =F76 -> 250000 | H76: =G76 -> 250000 | I76: =H76 -> 250000 | J76: =I76 -> 250000 | K76: =J76 -> 250000
C77: Deferred tax asset | D77: 31145974 | E77: 4520746 | F77: 80330794 | G77: =F77 -> 80330794 | H77: =G77 -> 80330794 | I77: =H77 -> 80330794 | J77: =I77 -> 80330794 | K77: =J77 -> 80330794
C78: Total Non-Current Assets | D78: =SUM(D70:D77) -> 8625869491 | E78: =SUM(E70:E77) -> 11249961652 | F78: =SUM(F70:F77) -> 11840596927 | G78: =SUM(G70:G77) -> 1.3555961e+10 | H78: =SUM(H70:H77) -> 1.5334666e+10 | I78: =SUM(I70:I77) -> 1.7083649e+10 | J78: =SUM(J70:J77) -> 1.8723858e+10 | K78: =SUM(K70:K77) -> 2.0387771e+10
C80: Total Assets | D80: =D67+D78 -> 24017976920 | E80: =E67+E78 -> 33780800900 | F80: =F67+F78 -> 41334187181 | G80: =G67+G78 -> 4.4735419e+10 | H80: =H67+H78 -> 5.0049504e+10 | I80: =I67+I78 -> 5.5228548e+10 | J80: =J67+J78 -> 5.9948502e+10 | K80: =K67+K78 -> 6.4761021e+10
C82: LIABILITIES AND EQUITY
C84: Current Liabilities
C85: Credit Facilities | D85: 7407591557 | E85: 9800560393 | F85: 9471234839 | G85: =G315*G320 -> 1.0887344e+10 | H85: =H315*H320 -> 1.1874504e+10 | I85: =I315*I320 -> 1.2838051e+10 | J85: =J315*J320 -> 1.3318885e+10 | K85: =K315*K320 -> 1.3617988e+10
C86: Corporate bond | D86: 0 | E86: 0 | F86: 2088918458 | G86: =-H310 -> 0 | H86: =-I310 -> 400231712 | I86: =-J310 -> 0 | J86: =-K310 -> 0 | K86: 0
C87: Current Tax Liabilities | D87: 676644242 | E87: 573792626 | F87: 867166386 | G87: =-G32*(F87/-F32) -> 7.8861713e+08 | H87: =-H32*(G87/-G32) -> 9.7381806e+08 | I87: =-I32*(H87/-H32) -> 1.1372083e+09 | J87: =-J32*(I87/-I32) -> 1.3100785e+09 | K87: =-K32*(J87/-J32) -> 1.5308554e+09
C88: Creditors and other credit balances | D88: 689469467 | E88: 2204044294 | F88: 2175502934 | G88: =G213 -> 2.2666742e+09 | H88: =H213 -> 2.5114242e+09 | I88: =I213 -> 2.7490878e+09 | J88: =J213 -> 2.9670046e+09 | K88: =K213 -> 3.1923477e+09
C89: Due to related parties | D89: 31158839 | E89: 54652516 | F89: 769019145 | G89: =G214 -> 769019145 | H89: =H214 -> 769019145 | I89: =I214 -> 769019145 | J89: =J214 -> 769019145 | K89: =K214 -> 769019145
C90: Lease Liabilities | D90: 164022527 | E90: 297497553 | F90: 327708311 | G90: =G266*G267 -> 3.5849263e+08 | H90: =H266*H267 -> 3.9377844e+08 | I90: =I266*I267 -> 4.328554e+08 | J90: =J266*J267 -> 4.7457913e+08 | K90: =K266*K267 -> 5.1865045e+08
C91: Provisions | D91: 40679260 | E91: 36236199 | F91: 23523312 | G91: =F91 -> 23523312 | H91: =G91 -> 23523312 | I91: =H91 -> 23523312 | J91: =I91 -> 23523312 | K91: =J91 -> 23523312
C92: Total Current Liabilities | D92: =SUM(D85:D91) -> 9009565892 | E92: =SUM(E85:E91) -> 12966783581 | F92: =SUM(F85:F91) -> 15723073385 | G92: =SUM(G85:G91) -> 1.5093671e+10 | H92: =SUM(H85:H91) -> 1.6946299e+10 | I92: =SUM(I85:I91) -> 1.7949745e+10 | J92: =SUM(J85:J91) -> 1.886309e+10 | K92: =SUM(K85:K91) -> 1.9652384e+10
C94: Non-Current Liabilities
C95: Credit Facilities | D95: 7048011003 | E95: 10063644798 | F95: 14734188615 | G95: =G315*(1-G320) -> 1.6937199e+10 | H95: =H315*(1-H320) -> 1.8472901e+10 | I95: =I315*(1-I320) -> 1.9971869e+10 | J95: =J315*(1-J320) -> 2.0719892e+10 | K95: =K315*(1-K320) -> 2.1185201e+10
C96: Corporate bond | D96: 0 | E96: 0 | F96: 400231712 | G96: =G311-G86 -> 400231712 | H96: =H311-H86 -> 0 | I96: =I311-I86 -> 0 | J96: =J311-J86 -> 0 | K96: =K311-K86 -> 0
C97: Loans from related parties | D97: 62631706 | E97: 522257236 | F97: 0 | G97: =F97 -> 0 | H97: =G97 -> 0 | I97: =H97 -> 0 | J97: =I97 -> 0 | K97: =J97 -> 0
C98: Deferred tax liabilities | D98: 648058235 | E98: 1011543092 | F98: 684542469 | G98: =F98-G392 -> 684542469 | H98: =G98-H392 -> 684542469 | I98: =H98-I392 -> 684542469 | J98: =I98-J392 -> 684542469 | K98: =J98-K392 -> 684542469
C99: Lease Liabilities | D99: 665607751 | E99: 609854223 | F99: 681951590 | G99: =G266*(1-G267) -> 7.4601288e+08 | H99: =H266*(1-H267) -> 8.1944163e+08 | I99: =I266*(1-I267) -> 9.0075967e+08 | J99: =J266*(1-J267) -> 9.8758556e+08 | K99: =K266*(1-K267) -> 1.0792967e+09
C100: Total Non-Current Liabilities | D100: =SUM(D95:D99) -> 8424308695 | E100: =SUM(E95:E99) -> 12207299349 | F100: =SUM(F95:F99) -> 16500914386 | G100: =SUM(G95:G99) -> 1.8767986e+10 | H100: =SUM(H95:H99) -> 1.9976885e+10 | I100: =SUM(I95:I99) -> 2.1557171e+10 | J100: =SUM(J95:J99) -> 2.239202e+10 | K100: =SUM(K95:K99) -> 2.294904e+10
C102: Total Liabilities | D102: =D92+D100 -> 17433874587 | E102: =E92+E100 -> 25174082930 | F102: =F92+F100 -> 32223987771 | G102: =G92+G100 -> 3.3861656e+10 | H102: =H92+H100 -> 3.6923184e+10 | I102: =I92+I100 -> 3.9506916e+10 | J102: =J92+J100 -> 4.125511e+10 | K102: =K92+K100 -> 4.2601424e+10
C104: Equity
C105: Issued and paid-up capital | D105: 160000000 | E105: 160000000 | F105: 160000000 | G105: =F105+G396 -> 160000000 | H105: =G105+H396 -> 160000000 | I105: =H105+I396 -> 160000000 | J105: =I105+J396 -> 160000000 | K105: =J105+K396 -> 160000000
C106: Reserves | D106: 262391813 | E106: 149782053 | F106: 59837164 | G106: =F106 -> 59837164 | H106: =G106 -> 59837164 | I106: =H106 -> 59837164 | J106: =I106 -> 59837164 | K106: =J106 -> 59837164
C107: Fair value reserve through OCI | D107: 2133034809 | E107: 3289335086 | F107: 2156708544 | G107: =F107+G394 -> 2156708544 | H107: =G107+H394 -> 2156708544 | I107: =H107+I394 -> 2156708544 | J107: =I107+J394 -> 2156708544 | K107: =J107+K394 -> 2156708544
C108: Long-term incentive plan | D108: 0 | E108: 88829420 | F108: 220935594 | G108: =F108+G385 -> 3.5095973e+08 | H108: =G108+H385 -> 4.9604051e+08 | I108: =H108+I385 -> 6.5596295e+08 | J108: =I108+J385 -> 8.2958155e+08 | K108: =J108+K385 -> 1.0169791e+09
C109: Retained Earnings | D109: 3902562714 | E109: 4867805658 | F109: 6518269201 | G109: =G247 -> 8.1518087e+09 | H109: =H247 -> 1.0259285e+10 | I109: =I247 -> 1.2694675e+10 | J109: =J247 -> 1.5492816e+10 | K109: =K247 -> 1.8771623e+10
C110: Equity attributable to owners | D110: =SUM(D105:D109) -> 6457989336 | E110: =SUM(E105:E109) -> 8555752217 | F110: =SUM(F105:F109) -> 9115750503 | G110: =SUM(G105:G109) -> 1.0879314e+10 | H110: =SUM(H105:H109) -> 1.3131871e+10 | I110: =SUM(I105:I109) -> 1.5727183e+10 | J110: =SUM(J105:J109) -> 1.8698943e+10 | K110: =SUM(K105:K109) -> 2.2165148e+10
C111: Non Controlling interest | D111: 126112997 | E111: 50965753 | F111: -5551093 | G111: =G253 -> -5551093 | H111: =H253 -> -5551093 | I111: =I253 -> -5551093 | J111: =J253 -> -5551093 | K111: =K253 -> -5551093
C112: Total Equity | D112: =SUM(D110:D111) -> 6584102333 | E112: =SUM(E110:E111) -> 8606717970 | F112: =SUM(F110:F111) -> 9110199410 | G112: =SUM(G110:G111) -> 1.0873763e+10 | H112: =SUM(H110:H111) -> 1.312632e+10 | I112: =SUM(I110:I111) -> 1.5721632e+10 | J112: =SUM(J110:J111) -> 1.8693392e+10 | K112: =SUM(K110:K111) -> 2.2159597e+10
C114: Total Liabilites & Equity | D114: =D102+D112 -> 24017976920 | E114: =E102+E112 -> 33780800900 | F114: =F102+F112 -> 41334187181 | G114: =G102+G112 -> 4.4735419e+10 | H114: =H102+H112 -> 5.0049504e+10 | I114: =I102+I112 -> 5.5228548e+10 | J114: =J102+J112 -> 5.9948502e+10 | K114: =K102+K112 -> 6.4761021e+10
C116: Balance Check | D116: =D80-D114 -> 0 | E116: =E80-E114 -> 0 | F116: =F80-F114 -> 0 | G116: =G80-G114 -> 0 | H116: =H80-H114 -> 0 | I116: =I80-I114 -> 0 | J116: =J80-J114 -> 0 | K116: =K80-K114 -> 0
C118: CASH FLOW STATEMENT
C119: Fiscal year | G119: =G$13 -> 2026 | H119: =H$13 -> 2027 | I119: =I$13 -> 2028 | J119: =J$13 -> 2029 | K119: =K$13 -> 2030
C120: Fiscal year end date | G120: =G$14 -> 46387 | H120: =H$14 -> 46752 | I120: =I$14 -> 47118 | J120: =J$14 -> 47483 | K120: =K$14 -> 47848
...

Sheet Residual Income
B2: Residual Income
B3: All amounts are shown in EGP, except per-share data, ratios, and shares outstanding
B4: Most recent fiscal year end | D4: 46022 | F4: Cost of equity (Ke​) | H4: =+'Cost of equity (Ke​)'!C10 -> 0.2819 | I4: Link from Cost of equity (Ke​)
B5: End of first fiscal year | D5: =EOMONTH(D4,12) -> 46387 | F5: Share price (Public Co) | H5: =FSM!D7 -> 24.5
B6: Valuation base date (latest audited balance sheet) | D6: =D4 -> 46022 | F6: Share price date | H6: 46302
B7: Valuation date | D7: 46307 | F7: Implied Share Price | H7: =C49 -> 4.8622683
B8: Portion of First Year Cash Flows | D8: =YEARFRAC(D7,D5) -> 0.21944444 | F8: Upside / (Downside) | H8: =H7/H5-1 -> -0.80154007 | I8: =IF(H8>15%,"BUY",IF(H8<-15%,"SELL","HOLD")) -> SELL
F9: Midyear adjustment? | H9: 0
B10: Book Value Roll-Forward
C11: LTM | D11: Actual | E11: Forecasts
B12: Fiscal year ended | C12: =D7 -> 46307 | D12: =D4 -> 46022 | E12: =EOMONTH(D12,12) -> 46387 | F12: =EOMONTH(E12,12) -> 46752 | G12: =EOMONTH(F12,12) -> 47118 | H12: =EOMONTH(G12,12) -> 47483 | I12: =EOMONTH(H12,12) -> 47848
B14: Opening book value of equity (parent) | D14: =FSM!F110 -> 9115750503 | E14: =FSM!F110 -> 9115750503 | F14: =FSM!G110 -> 1.0879314e+10 | G14: =FSM!H110 -> 1.3131871e+10 | H14: =FSM!I110 -> 1.5727183e+10 | I14: =FSM!J110 -> 1.8698943e+10
B15: Closing book value of equity (parent) | E15: =FSM!G110 -> 1.0879314e+10 | F15: =FSM!H110 -> 1.3131871e+10 | G15: =FSM!I110 -> 1.5727183e+10 | H15: =FSM!J110 -> 1.8698943e+10 | I15: =FSM!K110 -> 2.2165148e+10
B16: Net income (parent share) | D16: =FSM!F35 -> 2018397923 | E16: =FSM!G35 -> 2.0168552e+09 | F16: =FSM!H35 -> 2.4904988e+09 | G16: =FSM!I35 -> 2.9083625e+09 | H16: =FSM!J35 -> 3.3504707e+09 | I16: =FSM!K35 -> 3.9150984e+09
B17: % growth | E17: =E16/D16-1 -> -0.00076432343 | F17: =F16/E16-1 -> 0.23484264 | G17: =G16/F16-1 -> 0.16778313 | H17: =H16/G16-1 -> 0.15201274 | I17: =I16/H16-1 -> 0.16852191
B18: Comprehensive income to shareholders (change in book value) | E18: =E15-E14-FSM!G396 -> 1.7635637e+09 | F18: =F15-F14-FSM!H396 -> 2.2525569e+09 | G18: =G15-G14-FSM!I396 -> 2.5953122e+09 | H18: =H15-H14-FSM!J396 -> 2.9717597e+09 | I18: =I15-I14-FSM!K396 -> 3.4662052e+09
B19: ROE = comprehensive income / opening book value | E19: =E18/E14 -> 0.19346335 | F19: =F18/F14 -> 0.20704953 | G19: =G18/G14 -> 0.19763461 | H19: =H18/H14 -> 0.18895689 | I19: =I18/I14 -> 0.18536905
B21: Cost of equity (Ke​) | E21: =$H$4 -> 0.2819 | F21: =$H$4 -> 0.2819 | G21: =$H$4 -> 0.2819 | H21: =$H$4 -> 0.2819 | I21: =$H$4 -> 0.2819
B23: ROE - Ke (value is created only when this is positive) | E23: =E19-E21 -> -0.088436645 | F23: =F19-F21 -> -0.074850468 | G23: =G19-G21 -> -0.084265392 | H23: =H19-H21 -> -0.092943109 | I23: =I19-I21 -> -0.096530955
B25: Equity charge = Ke(t) × opening book value | E25: =E14*E21 -> 2.5697301e+09 | F25: =F14*F21 -> 3.0668787e+09 | G25: =G14*G21 -> 3.7018745e+09 | H25: =H14*H21 -> 4.433493e+09 | I25: =I14*I21 -> 5.271232e+09
B27: Residual income = comprehensive income - equity charge | E27: =E18-E25 -> -8.0616639e+08 | F27: =F18-F25 -> -8.1432175e+08 | G27: =G18-G25 -> -1.1065623e+09 | H27: =H18-H25 -> -1.4617333e+09 | I27: =I18-I25 -> -1.8050268e+09
B29: ="Present value of residual income at "&TEXT(D6,"mmm dd, yyyy")&" (base date)" -> Present value of residual income at Dec 31, 2025 (base date)
D30: Base date | E30: Year 1 | F30: Year 2 | G30: Year 3 | H30: Year 4 | I30: Year 5
B31: Date for discounting cash flows | D31: =D6 -> 46022 | E31: =IF($H$9=1,AVERAGE(E12,D31),E12) -> 46387 | F31: =IF($H$9=1,AVERAGE(F12,E12),F12) -> 46752 | G31: =IF($H$9=1,AVERAGE(G12,F12),G12) -> 47118 | H31: =IF($H$9=1,AVERAGE(H12,G12),H12) -> 47483 | I31: =IF($H$9=1,AVERAGE(I12,H12),I12) -> 47848
B32: Residual Income (Stub-Adjusted) | C32: =D8 -> 0.21944444 | E32: =E27 -> -8.0616639e+08 | F32: =F27 -> -8.1432175e+08 | G32: =G27 -> -1.1065623e+09 | H32: =H27 -> -1.4617333e+09 | I32: =I27 -> -1.8050268e+09
B33: Present value of residual income | E33: =E32/(1+$H$4)^((E31-$D$31)/365) -> -6.2888399e+08 | F33: =F32/(1+$H$4)^((F31-$D$31)/365) -> -4.955503e+08 | G33: =G32/(1+$H$4)^((G31-$D$31)/365) -> -5.2494998e+08 | H33: =H32/(1+$H$4)^((H31-$D$31)/365) -> -5.4094868e+08 | I33: =I32/(1+$H$4)^((I31-$D$31)/365) -> -5.2109563e+08
B35: Terminal value - growth in perpetuity approach
B36: Long-term growth of residual income (persistence case) | C36: 0 | D36: 1 | E36: 1 = residual income fades to zero after 2030 (base); 0 = persists, growing at C36
B37: Terminal year residual income x (1+g) | C37: =I27*(1+C36) -> -1.8050268e+09
B38: ="Terminal value at end of "&YEAR(I12) -> Terminal value at end of 2030 | C38: =IF($D$36=1,0,C37/($H$4-C36)) -> 0
B39: Present value of terminal value | C39: =C38/(1+$H$4)^YEARFRAC($D$31,$I$31) -> 0
B40: Present value of stage 1 residual income | C40: =SUM(E33:I33) -> -2.7114286e+09
B41: ="Equity value at "&TEXT(D6,"dd mmm yyyy")&" (book value + PV of residual income)" -> Equity value at 31 Dec 2025 (book value + PV of residual income) | C41: =D14+C40+C39 -> 6.4043219e+09
B42: ="Equity value at "&TEXT(D7,"dd mmm yyyy")&" (rolled forward at Ke)" -> Equity value at 12 Oct 2026 (rolled forward at Ke) | C42: =C41*(1+$H$4)^YEARFRAC($D$6,$D$7) -> 7.7796293e+09
B43: Implied P/B on 31 Dec 2025 book value | C43: =C42/D14 -> 0.85342719
B45: Valuation | E45: Shares outstanding
B47: Equity value | C47: =C42 -> 7.7796293e+09 | G47: Source doc | H47: Date | I47: Shares
B48: Shares outstanding | C48: =I53 -> 1600000000 | E48: Basic shares | G48: Consolidated FS 2025 | H48: 12/31/2025 | I48: 1600000000
B49: Equity value per share | C49: =C47/C48 -> 4.8622683 | E49: Restricted stock / RSUs
B50: Equity value per share "USD" | C50: =C49/C51 -> 0.097245366 | E50: Options / warrants
B51: USD/EGP | C51: 50 | E51: Convertible debt
E52: Convertible preferred stock
B53: Justified P/B if 2030 ROE persists = (ROE - g) / (Ke - g) | C53: =(I19-$C$36)/(I21-$C$36) -> 0.65757022 | E53: Net diluted shares outstanding | I53: =SUM(I48:I52) -> 1600000000
B55: Sensitivity - implied value (EGP): rows = cost of equity; columns = growth of residual income (columns only change the answer when D36 = 0). Centre cell = base case
C57: =C49 -> 4.8622683 | D57: =E57-0.5% -> -0.01 | E57: =F57-0.5% -> -0.005 | F57: 0 | G57: =F57+0.5% -> 0.005 | H57: =G57+0.5% -> 0.01
C58: =C59-0.5% -> 0.2719 | D58: 5.0253923 | E58: 5.0253923 | F58: 5.0253923 | G58: 5.0253923 | H58: 5.0253923
C59: =C60-0.5% -> 0.2769 | D59: 4.9429967 | E59: 4.9429967 | F59: 4.9429967 | G59: 4.9429967 | H59: 4.9429967
C60: 0.2819 | D60: 4.8622683 | E60: 4.8622683 | F60: 4.8622683 | G60: 4.8622683 | H60: 4.8622683
C61: =C60+0.5% -> 0.2869 | D61: 4.783167 | E61: 4.783167 | F61: 4.783167 | G61: 4.783167 | H61: 4.783167
C62: =C61+0.5% -> 0.2919 | D62: 4.7056539 | E62: 4.7056539 | F62: 4.7056539 | G62: 4.7056539 | H62: 4.7056539

Sheet Cost of equity (Ke​)
B2: Cost of equity (Ke​)
B3: All amounts are shown in EGP, except per-share data, ratios, and shares outstanding
B4: Cost of equity (Ke​) assumptions
B6: Risk free rate | C6: 0.2334
B7: Beta | C7: =IF(C21="Blume-adjusted",C24,C23) -> 0.97
B8: Equity risk premium (mature market) | C8: 0.05
B10: Cost of equity (Ke​) = Rf + beta x ERP | C10: =C6+C7*C8 -> 0.2819
B12: Cost of equity (Ke​) sensitivity to MRP and Beta
D13: Beta
C14: =C10 -> 0.2819 | D14: =E14-0.1 -> 0.87 | E14: 0.97 | F14: =E14+0.1 -> 1.07
C15: =C16-0.005 -> 0.04 | D15: 0.2682 | E15: 0.2722 | F15: 0.2762
B16: Market | C16: =C17-0.005 -> 0.045 | D16: 0.27255 | E16: 0.27705 | F16: 0.28155
B17: Risk | C17: 0.05 | D17: 0.2769 | E17: 0.2819 | F17: 0.2869
B18: Premium | C18: =C17+0.005 -> 0.055 | D18: 0.28125 | E18: 0.28675 | F18: 0.29225
C19: =C18+0.005 -> 0.06 | D19: 0.2856 | E19: 0.2916 | F19: 0.2976
B21: Select beta for model | C21: Industry
B23: Industry beta (Damodaran, Financial Svcs. non-bank & insurance) | C23: 0.97
B24: Blume-adjusted beta = 2/3 x beta + 1/3 | C24: =2/3*C23+1/3 -> 0.98

Sheet Trading Comps
B2: Comparable Companies Analysis (Trading Comps)
B4: Refresh date: | C4: 46307
B6: GENERAL INFORMATION
B7: Ticker | C7: FWRY.CA | D7: EFIH.CA | E7: CNFN.CA | F7: CICH.CA | G7: HALN.CA
B8: Company | C8: Fawry for Banking Tech | D8: e-finance for Digital Invest | E8: Contact Financial Holding | F8: CI Capital Holding | G8: MNT Tech Holding for Financial Investments
B9: Exchange / Currency | C9: EGX / EGP | D9: EGX / EGP | E9: EGX / EGP | F9: EGX / EGP | G9: EGX / EGP
B10: Fiscal year end | C10: 46022 | D10: 46022 | E10: 46022 | F10: 46022 | G10: 46022
B11: Last closing price | C11: 18.7 | D11: 24.1 | E11: 3.92 | F11: 11.3 | G11: 24.5
B12: Price as of | C12: =$C$4 -> 46307 | D12: =$C$4 -> 46307 | E12: =$C$4 -> 46307 | F12: =$C$4 -> 46307 | G12: 46302
B14: FULLY DILUTED SHARES
B15: Basic shares outstanding | C15: 3406523244 | D15: 3466666667 | E15: 1196974000 | F15: 1000000000 | G15: =FSM!D10 -> 1600000000
B16: Options / RSUs / other dilution | C16: 0 | D16: 0 | E16: 0 | F16: 0 | G16: ='Residual Income'!I49 -> 0
B17: Fully diluted shares | C17: =SUM(C15:C16) -> 3406523244 | D17: =SUM(D15:D16) -> 3466666667 | E17: =SUM(E15:E16) -> 1196974000 | F17: =SUM(F15:F16) -> 1000000000 | G17: =SUM(G15:G16) -> 1600000000
B19: MARKET VALUATION
B20: Market Capitalization | C20: =C17*C11 -> 6.3701985e+10 | D20: =D17*D11 -> 8.3546667e+10 | E20: =E17*E11 -> 4692138080 | F20: =F17*F11 -> 11300000000 | G20: =G17*G11 -> 39200000000
B22: LTM FINANCIALS
B23: Net Income (Parent Shareholders) | C23: 2889189159 | D23: 2405402468 | E23: 345095303 | F23: 1613087731 | G23: =FSM!F35 -> 2018397923
B24: Total Shareholders' Equity (Parent) | C24: 7730539324 | D24: 8626198716 | E24: 4418892184 | F24: 7881594898 | G24: =FSM!F110 -> 9115750503
B25: Less: Goodwill | C25: -91606292 | D25: 0 | E25: -32216199 | F25: -383036441 | G25: =-FSM!F379 -> -36923005
B26: Less: Intangible Assets | C26: -1488621582 | D26: -167040739 | E26: -78979915 | F26: -62575556 | G26: =-FSM!F381 -> -503311305
B27: Tangible Book Value (TBV) | C27: =SUM(C24:C26) -> 6150311450 | D27: =SUM(D24:D26) -> 8459157977 | E27: =SUM(E24:E26) -> 4307696070 | F27: =SUM(F24:F26) -> 7435982901 | G27: =SUM(G24:G26) -> 8575516193
B29: TRADING MULTIPLES
B30: P/E (LTM) | C30: =C20/C23 -> 22.048395 | D30: =D20/D23 -> 34.732926 | E30: =E20/E23 -> 13.596644 | F30: =F20/F23 -> 7.0051987 | G30: =G20/G23 -> 19.421344
B31: P/B (LTM) | C31: =C20/C24 -> 8.2403028 | D31: =D20/D24 -> 9.685224 | E31: =E20/E24 -> 1.0618358 | F31: =F20/F24 -> 1.43372 | G31: =G20/G24 -> 4.3002493
B32: P/TBV (LTM) | C32: =C20/C27 -> 10.357522 | D32: =D20/D27 -> 9.8764755 | E32: =E20/E27 -> 1.0892454 | F32: =F20/F27 -> 1.5196377 | G32: =G20/G27 -> 4.5711534
B33: ROE (LTM) | C33: =C23/C24 -> 0.37373708 | D33: =D23/D24 -> 0.27884849 | E33: =E23/E24 -> 0.078095434 | F33: =F23/F24 -> 0.20466514 | G33: =G23/G24 -> 0.22141873
B35: PEER STATISTICS
C36: P/E (all) | D36: P/B (lenders) | E36: P/TBV (lenders) | F36: ROE (all)
B38: Mean | C38: =AVERAGE(C30:F30) -> 19.345791 | D38: =AVERAGE(E31:F31) -> 1.2477779 | E38: =AVERAGE(E32:F32) -> 1.3044415 | F38: =AVERAGE(C33:F33) -> 0.23383653
B39: Median | C39: =MEDIAN(C30:F30) -> 17.82252 | D39: =MEDIAN(E31:F31) -> 1.2477779 | E39: =MEDIAN(E32:F32) -> 1.3044415 | F39: =MEDIAN(C33:F33) -> 0.24175681
B40: High | C40: =MAX(C30:F30) -> 34.732926 | D40: =MAX(E31:F31) -> 1.43372 | E40: =MAX(E32:F32) -> 1.5196377 | F40: =MAX(C33:F33) -> 0.37373708
B41: Low | C41: =MIN(C30:F30) -> 7.0051987 | D41: =MIN(E31:F31) -> 1.0618358 | E41: =MIN(E32:F32) -> 1.0892454 | F41: =MIN(C33:F33) -> 0.078095434
B43: IMPLIED VALUATION (from peer MEDIAN multiples)
B44: Via P/E:
B45: Peer median P/E | C45: =C39 -> 17.82252
B46: x LTM net income | C46: =$G$23 -> 2018397923
B47: Implied equity value | C47: =C45*C46 -> 3.5972937e+10
B48: Fully diluted shares | C48: =$G$15 -> 1600000000
B49: Implied value per share | C49: =C47/C48 -> 22.483086
B51: Via Lender Median P/B:
B52: Peer median P/B | C52: =D39 -> 1.2477779
B53: x LTM book value of equity | C53: =G24 -> 9115750503
B54: Implied equity value | C54: =C52*C53 -> 1.1374432e+10
B55: Fully diluted shares | C55: =C48 -> 1600000000
B56: Implied value per share | C56: =C54/C55 -> 7.10902
B58: Via Lender Median P/TBV:
B59: Peer Median P/TBV | C59: =E39 -> 1.3044415
B60: x LTM tangible book value of equity (TBV) | C60: =G27 -> 8575516193
B61: Implied equity value | C61: =C59*C60 -> 1.118626e+10
B62: Fully diluted shares | C62: =C55 -> 1600000000
B63: Implied value per share | C63: =C61/C62 -> 6.9914123
B65: Via P/E, lenders only (CNFN, CICH):
B66: Lender median P/E | C66: =MEDIAN(E30:F30) -> 10.300921
B67: x LTM net income | C67: =G23 -> 2018397923
B68: Implied equity value | C68: =C66*C67 -> 2.0791358e+10
B69: Fully diluted shares | C69: =C62 -> 1600000000
B70: Implied value per share | C70: =C68/C69 -> 12.994599
